 Dungeon Crawl Stone Soup version 0.19-a0-1091-g463c9de (webtiles) character file.

238 Leszczynek the Cudgeler (level 6, 14/62 HPs)
             Began as an Ogre Conjurer on Aug 7, 2016.
             Was an Initiate of Okawaru.
             Quit the game on level 5 of the Dungeon.
             The game lasted 00:11:30 (1955 turns).

Leszczynek the Cudgeler (Ogre Conjurer)             Turns: 1955, Time: 00:11:31

Health: 14/62      AC:  3    Str: 16    XL:     6   Next: 7%
Magic:  9/9        EV: 10    Int: 14    God:    Okawaru [......]
Gold:   166        SH:  0    Dex: 10    Spells: 2 memorised, 6 levels left

rFire  . . .     SeeInvis .     a - +0 mace
rCold  . . .     Gourm    .     h - +0 robe
rNeg   . . .     Faith    .     (no shield)
rPois  .         Spirit   .     (helmet restricted)
rElec  .         Dismiss  .     (no cloak)
rCorr  .         Reflect  .     (gloves unavailable)
SustAt .         Harm     .     (boots unavailable)
MR     .....                    v - amulet of regeneration
Stlth  +.........               (no ring)
                                k - ring of flight

@:
A: unfitting armour, tough skin 1
a: Renounce Religion, Evoke Flight


You were on level 5 of the Dungeon.
You worshipped Okawaru.
Okawaru was noncommittal.
You were hungry.

You visited 2 branches of the dungeon, and saw 7 of its levels.

You collected 166 gold pieces.

Inventory:

Hand Weapons
 a - a +0 mace (weapon)
Missiles
 e - 4 tomahawks (quivered)
 w - 16 sling bullets
Armour
 h - a +0 robe (worn)
Jewellery
 k - a ring of flight (left hand)
 v - an amulet of regeneration (around neck)
Wands
 p - a wand of disintegration (9/24)
Scrolls
 g - a scroll of fog
 m - 3 scrolls of remove curse
 r - a scroll of identify
Potions
 d - a potion of flight {unknown}
 i - 2 potions of might {unknown}
 j - a potion of curing {unknown}
 o - a potion of resistance {unknown}
 q - a potion of brilliance
 s - a potion of degeneration {unknown}
Books
 b - a book of Conjurations

   Spells                             Type                      Level
   a - Magic Dart                     Conjuration                  1
   b - Searing Ray                    Conjuration                  2
   c - Dazzling Spray                 Conjuration/Hexes            3
   d - Fulminant Prism                Conjuration/Hexes            4
   e - Iskenderun's Mystic Blast      Conjuration                  4
   f - Iskenderun's Battlesphere      Conjuration/Charms           5
Comestibles
 c - 2 bread rations
 l - a beef jerky
 n - 4 fruits
 u - a royal jelly
 x - a meat ration


   Skills:
 - Level 4.0 Fighting
 * Level 6.1 Maces & Flails
 - Level 1.7 Dodging
 - Level 1.5 Stealth
 - Level 2.4 Spellcasting
 - Level 2.9 Conjurations


You had 6 spell levels left.
You knew the following spells:

 Your Spells              Type           Power        Failure   Level  Hunger
a - Magic Dart            Conj           ##..         10%         1    #......
b - Searing Ray           Conj           ##....       12%         2    ###....


Dungeon Overview and Level Annotations

Branches:
Dungeon (6/15)             Temple (1/1) D:4

Altars:
Ashenzari
Cheibriados
Dithmenos
Elyvilon
Fedhas
Gozag
Hepliaklqana
Kikubaaqudgha
Makhleb
Nemelex Xobeh
Okawaru
Pakellas
Qazlal
Ru
Sif Muna
Trog
Vehumet
Xom
Yredelemnul
Zin
The Shining One

Annotations:
D:4 exclusion: worker ant, skk's ghost, amateur DsFi


Innate Abilities, Weirdness & Mutations

You are too large for most types of armour.
You have tough skin. (AC +1)


Message History

The orc hits you with a hand axe!
The gnoll hits you from afar with a spear!
The orc hits you with a hand axe of freezing.
The orc freezes you.
* * * LOW HITPOINT WARNING * * *
The giant gecko bites you but does no damage.
The gnoll closely misses you. The gnoll hits you but does no damage.
The orc completely misses you.
The gnoll hits you from afar with a spear.
* * * LOW HITPOINT WARNING * * *
The orc barely misses you. The gnoll misses you.
Unknown command.
Your surroundings suddenly seem different.
A worker ant comes into view.
The worker ant twitches its antennae in your direction.
Found a robe, a runed rapier, a meat ration and 9 gold pieces.
A jelly and a howler monkey come into view.
Quiver which item? (- for none, * to show all) (? for menu, Esc to quit)
Okay, then.
Are you sure you want to abandon this character and quit the game? (Confirm with "yes".)

####### ##.....##..
#..@.a.....
#......##...........[...
......o...###.).o.h....J
.........# #...........
.........# #............
.........#.......%......
........................
..........####$.........
...<....#.#


You could see a howler monkey (sleeping), a jelly (sleeping), a worker ant and
an orc priest.

Vanquished Creatures
  A scorpion (D:3)
  An iguana (Temple)
  3 gnolls
  9 adders
  An ooze (D:2)
  A worm (D:2)
  3 giant geckos (D:2)
  2 orcs
  2 giant cockroaches (D:2)
  2 goblins (D:3)
  2 hobgoblins (D:3)
  A quokka (D:3)
  4 ball pythons (D:2)
  5 bats
  3 giant newts
  4 kobolds
  8 rats
52 creatures vanquished.

Notes
Turn   | Place    | Note
-------+----------+-------------------------------------------
     0 | D:1      | Leszczynek the Ogre Conjurer began the quest for the Orb.
     0 | D:1      | Reached XP level 1. HP: 16/16 MP: 3/3
   176 | D:2      | Reached skill level 1 in Fighting
   273 | D:2      | Reached skill level 2 in Fighting
   273 | D:2      | Reached XP level 2. HP: 27/28 MP: 3/5
   334 | D:2      | Learned a level 2 spell: Searing Ray
   467 | D:2      | Reached skill level 1 in Maces & Flails
   493 | D:2      | Reached XP level 3. HP: 22/36 MP: 2/6
   505 | D:2      | the fuck
   532 | D:1      | Reached skill level 2 in Maces & Flails
   828 | D:2      | Reached skill level 3 in Fighting
   852 | D:2      | Reached skill level 3 in Maces & Flails
   852 | D:2      | Reached XP level 4. HP: 42/45 MP: 1/7
  1134 | D:2      | Reached skill level 4 in Maces & Flails
  1215 | D:3      | Reached skill level 4 in Fighting
  1215 | D:3      | Reached XP level 5. HP: 54/54 MP: 1/8
  1640 | D:3      | Reached skill level 5 in Maces & Flails
  1762 | D:4      | Found a staircase to the Ecumenical Temple.
  1767 | D:4      | Noticed skk's ghost (amateur DsFi)
  1781 | Temple   | Entered the Ecumenical Temple
  1786 | Temple   | Reached skill level 6 in Maces & Flails
  1786 | Temple   | Reached XP level 6. HP: 52/62 MP: 1/9
  1838 | Temple   | Became a worshipper of Warmaster Okawaru
  1864 | D:5      | Entered Level 5 of the Dungeon
  1921 | D:6      | Noticed a black bear
  1955 | D:5      | Quit the game

Vault maps used:
D:1:      dpeg_arrival_circle_labyrinth_c
D:2:      minmay_snake_closets
D:4:      marbit_many_paths, first_bread
D:6:      basic_altar, minivault_24, minmay_misc_feat_cross
Temple:   nicolae_temple_the_god_donut

Skill      XL: |  1  2  3  4  5 |
---------------+----------------+-----
Fighting       | 2 3 4 |  4.0
Maces & Flails | 1 3 4 6 |  6.1
Dodging        | |  1.7
Stealth        | |  1.5
Spellcasting   | |  2.4
Conjurations   | |  2.9

Action                   |  1- 3 |  4- 6 || total
-------------------------+-------+-------++-------
Melee: Spear             |    13 |       ||    13
       Whip              |     7 |       ||     7
       Mace              |    13 |    38 ||    51
 Cast: Magic Dart        |    34 |    64 ||    98
       Searing Ray       |     1 |     4 ||     5
  Use: Potion            |     1 |       ||     1
       Scroll            |       |     4 ||     4
  Eat: Chunk             |     1 |     5 ||     6
Armor: Robe              |    13 |    18 ||    31
Dodge: Dodged            |    25 |    56 ||    81
